 Dungeon Crawl Stone Soup version 0.30.1-3-gfc49f6343a (webtiles) character file.

Game seed: 11595531258063145716

30 sampeng1 the Shield-Bearer (level 3, 0/25 HPs)
             Began as a Human Wanderer on July 30, 2023.
             Slain by a worm (11 damage)
             ... on level 2 of the Dungeon.
             The game lasted 00:07:14 (1039 turns).

sampeng1 the Shield-Bearer (Human Wanderer)         Turns: 1039, Time: 00:07:15

Health: 0/25       AC:  2    Str: 10    XL:     3   Next: 37%
Magic:  13/15      EV: 16    Int: 14    God:
Gold:   0          SH:  6    Dex: 14    Spells: 4/6 levels left

rFire   . . .        g - +0 short sword
rCold   . . .        d - +1 buckler
rNeg    . . .        c - +0 robe
rPois   .            (no helmet)
rElec   .            (no cloak)
rCorr   .            (no gloves)
SInv    .            (no boots)
Will    .....        (no amulet)
Stlth   +            e - ring of magical power
HPRegen 0.24/turn    i - +5 ring of evasion
MPRegen 0.14/turn

%: no passive effects
@: very slightly contaminated
A: no striking features
a: no special abilities


You were on level 2 of the Dungeon.
You visited 1 branch of the dungeon, and saw 2 of its levels.

Inventory:

Hand Weapons
 a - a +0 dagger
 g - a +0 short sword (weapon)
Missiles
 h - 3 poisoned darts (quivered)
Armour
 c - a +0 robe (worn)
 d - a +1 buckler (worn)
Jewellery
 e - a ring of magical power (left hand)
 i - a +5 ring of evasion (right hand)
 j - an amulet of guardian spirit
Scrolls
 f - a scroll of teleportation
 k - a scroll of enchant armour
Potions
 b - a potion of haste


   Skills:
 + Level 0.6 Fighting
 + Level 0.4 Short Blades
 + Level 0.6 Dodging
 + Level 3.1 Shields
 + Level 2.2 Spellcasting
 + Level 2.1 Fire Magic
 + Level 2.2 Ice Magic
 + Level 1.5 Invocations


You had 4 spell levels left.
You knew the following spells:

 Your Spells              Type           Power      Damage    Failure   Level
a - Foxfire               Conj/Fire      16%        2x1d4     22%         1
b - Freeze                Ice            28%        1d5       14%         1

Your spell library contained the following spells:

 Spells                   Type           Power      Damage    Failure   Level
 Scorch                   Fire           14%        2d6       21%         2
 Frozen Ramparts          Ice            14%        1d3       38%         3
 Sticky Flame             Conj/Fire      4%         2d3       91%         4


Dungeon Overview and Level Annotations

Branches:
Dungeon (2/15)

Altars:


Message History

You kill the endoplasm!
Found 5 stones.
k - a scroll of enchant armour You see here 5 stones.
A worm comes into view.
You hit the worm but do no damage. The worm bites you!
Casting: Foxfire (safe; 22% risk of failure)
Confirm with . or Enter, or press ? or * to list all spells.
Aiming: Freeze (safe; 14% risk of failure)
Press: ? - help, Shift-Dir - straight line, f - worm
Aim: a worm You freeze the worm.
The worm is lightly wounded.
Casting: Freeze (safe; 14% risk of failure)
Confirm with . or Enter, or press ? or * to list all spells.
Aiming: Freeze (safe; 14% risk of failure)
Press: ? - help, Shift-Dir - straight line, f/p - worm
Aim: a worm (lightly wounded)
You miscast Freeze.
You are very lightly contaminated with residual magic.
Nothing appears to happen.
The worm barely misses you.
Casting: Freeze (safe; 14% risk of failure)
Confirm with . or Enter, or press ? or * to list all spells.
Aiming: Freeze (safe; 14% risk of failure)
Press: ? - help, Shift-Dir - straight line, f/p - worm
Aim: a worm (lightly wounded)
You freeze the worm.
The worm is lightly wounded.
The worm bites you!
You hit the worm but do no damage.
The worm is lightly wounded.
You hit the worm.
The worm is moderately wounded.
The worm misses you.
You completely miss the worm.
The worm is lightly wounded.
You hit the worm.
The worm is moderately wounded.
The worm bites you!
You die...

#.# .# #.# #.# #.# #.#
#.# #^# #.# #.# #(#
#.# #.# ########.# #.#
......w@.# #.#
########.####.########
##...............
#...####.########
##..# #.# #..# #.#
#..# #.# #.## #.# #.
#..


You could see a worm.

Vanquished Creatures
  2 bats
  6 endoplasms
  A giant cockroach (D:1)
  4 goblins (D:1)
  2 hobgoblins
  4 jackals (D:1)
  2 quokkas (D:1)
  2 frilled lizards (D:1)
  A kobold (D:1)
  A rat (D:1)
25 creatures vanquished.

Vanquished Creatures (others)
  37 foxfires
37 creatures vanquished.

Grand Total: 62 creatures vanquished

Notes
Turn   | Place    | Note
-------+----------+-------------------------------------------
     0 | D:1      | sampeng1 the Human Wanderer began the quest for the Orb.
     0 | D:1      | sampeng1 set off with the following items: a +0 dagger, a
                  | potion of haste, a +0 robe, a +0 buckler; and the following
                  | spells available to memorise: Freeze, Foxfire, Scorch,
                  | Frozen Ramparts, Sticky Flame.
     0 | D:1      | Reached XP level 1. HP: 13/13 MP: 3/3
     2 | D:1      | Learned a level 1 spell: Foxfire
     4 | D:1      | Learned a level 1 spell: Freeze
   284 | D:1      | Reached XP level 2. HP: 19/19 MP: 5/5
   756 | D:1      | Reached XP level 3. HP: 25/25 MP: 6/6
  1039 | D:2      | Slain by a worm

Illustrated notes

Levels and vault maps discovered:
D:1:      co_arrival_two_rings, layout_basic, bh_walls_and_bars
D:2:      layout_basic

Action                     || total
---------------------------++-------
  Melee: Dagger            ||     4
         Short sword       ||    45
   Cast: Foxfire           ||    20
         Freeze            ||     8
    Use: Scroll            ||     4
 Armour: Robe              ||     6
  Dodge: Dodged            ||    17
  Block: Buckler           ||     9
